Rangers vs Flames
(R1)
Created - October 23, 2018 at 18:59
Goals
|
Rangers |
1 |
2 |
1 |
4 |
Flames |
1 |
0 |
0 |
1 |
|
Shots
|
Rangers |
14 |
14 |
2 |
30 |
Flames |
11 |
6 |
7 |
24 |
|
1st period
1. Flames , Eric Staal 6 (David Backes 8, Alexander Semin 3) at 13:46
2. Rangers , Alex Tanguay 2 (Matt Read 1, Stephen Weiss 5) at 14:21
Penalties :
Milan Lucic (NYR) for Cross-checking (Minor) at 6:55, Alexander Semin (Cal) for Hooking (Minor) at 19:13
2nd period
3. Rangers , Cam Barker 2 (Mark Fistric 3, Chris Bourque 1) at 14:12
4. Rangers , Jakob Silfverberg 2 (Milan Lucic 3) at 16:24 (PP)
Penalties :
Stephen Weiss (NYR) for Interference (Minor) at 11:33, David Backes (Cal) for Boarding (Minor) at 11:51, Eric Staal (Cal) for Tripping (Minor) at 14:44
3rd period
5. Rangers , James Neal 2 (Sean Couturier 2, Stephen Weiss 6) at 8:06 (PP)
Penalties :
Alexander Semin (Cal) for Slashing (Minor) at 7:30, Jakob Silfverberg (NYR) for Hooking (Minor) at 8:18, Stephen Weiss (NYR) for Hooking (Minor) at 14:57, Jonathan Ferland (Cal) for Hooking (Minor) at 17:20
Goalie Stats
Frederik Andersen (NYR), 23 saves from 24 shots - (0.958), W, 4-1-0, 60:00 minutes
Pekka Rinne (Cal), 26 saves from 30 shots - (0.867), L, 0-4-0, 60:00 minutes
Players Stats for Rangers
Player Name G A P +/- PIM S H SB GA TA FO MP PP MP PK MP
------------------------------------------------------------------------------------
Alex Tanguay 1 0 1 1 0 2 2 0 1 1 0/0 12:00 0:15 1:44
Alexei Emelin 0 0 0 0 0 1 1 1 0 1 0/0 14:06 0:06 0:00
Artem Anisimov 0 0 0 1 0 3 0 0 0 1 4/8 9:00 0:03 0:00
Cam Barker 1 0 1 0 0 2 1 0 1 1 0/0 26:57 3:41 3:34
Chris Bourque 0 1 1 1 0 6 0 0 0 0 0/0 9:06 0:00 0:09
Colten Teubert 0 0 0 0 0 0 0 0 1 1 0/0 17:18 0:18 2:41
Gustav Nyquist 0 0 0 1 0 1 0 0 0 1 1/1 9:00 0:03 0:00
Jakob Silfverberg 1 0 1 0 2 3 1 1 0 0 2/2 19:33 4:21 0:00
James Neal 1 0 1 -1 0 2 0 0 1 0 1/1 14:28 1:56 0:00
Magnus Paajarvi-Svensson 0 0 0 -1 0 1 2 1 0 1 0/0 14:28 1:56 0:00
Mark Fistric 0 1 1 2 0 1 0 1 0 1 0/0 21:41 2:27 3:34
Matt Greene 0 0 0 1 0 0 3 0 0 0 0/0 15:37 0:00 2:41
Matt Read 0 1 1 1 0 1 0 0 0 0 0/0 12:48 0:00 3:31
Milan Lucic 0 1 1 0 2 2 1 1 2 0 0/3 20:37 4:21 0:51
Patrice Bergeron 0 0 0 0 0 1 2 2 0 1 12/35 23:19 4:18 3:35
Ryan Suter 0 0 0 -1 0 0 1 1 1 0 0/0 20:29 2:45 0:00
Sean Couturier 0 1 1 -1 0 1 0 0 1 1 4/11 17:33 2:08 2:25
Stephen Weiss 0 2 2 1 4 3 2 0 0 0 2/4 14:00 4:02 0:15
Players Stats for Flames
Player Name G A P +/- PIM S H SB GA TA FO MP PP MP PK MP
------------------------------------------------------------------------------------
Alexander Semin 0 1 1 0 4 2 0 0 1 1 0/0 21:21 3:33 1:58
Brad Marchand 0 0 0 0 0 3 0 0 0 2 0/1 18:57 2:42 3:08
Brendan Mikkelson 0 0 0 0 0 2 1 2 0 1 0/0 14:09 0:00 2:19
Colin Wilson 0 0 0 -1 0 2 0 0 0 0 5/8 10:41 0:00 0:00
David Backes 0 1 1 0 2 3 2 0 1 0 1/3 19:02 3:32 0:00
David Ullstrom 0 0 0 -1 0 2 1 0 0 0 0/0 10:41 0:00 0:00
Derek Meech 0 0 0 1 0 0 1 1 1 1 0/0 23:21 2:40 4:13
Eric Staal 1 0 1 0 2 3 1 0 0 0 22/30 20:00 3:33 0:00
Erik Johnson 0 0 0 -2 0 0 2 2 1 1 0/0 22:30 3:35 0:00
Jonathan Ferland 0 0 0 0 2 0 1 0 0 0 0/0 8:37 0:00 1:26
Jordin Tootoo 0 0 0 -1 0 0 3 0 1 1 0/0 13:52 2:42 0:00
Mikhail Grabovski 0 0 0 0 0 0 1 0 1 0 0/3 10:47 0:00 3:24
Patrik Berglund 0 0 0 0 0 2 4 0 1 1 11/20 18:31 2:42 3:08
Peter Prucha 0 0 0 0 0 4 1 0 0 0 0/0 12:08 0:00 0:00
Sami Vatanen 0 0 0 -2 0 0 1 3 0 0 0/0 22:25 2:40 0:00
Steve Eminger 0 0 0 1 0 1 1 0 2 0 0/0 19:51 0:00 4:13
Steve Regier 0 0 0 0 0 0 1 0 1 0 0/0 7:05 0:00 0:00
Tom Poti 0 0 0 0 0 0 0 0 0 0 0/0 17:44 3:35 2:19
3 Stars
1 - Alex Tanguay (NYR)
2 - Frederik Andersen (NYR)
3 - Cam Barker (NYR)
Power Play
Rangers - 2 on 5 Attempt(s) - 40.00%
Flames - 0 on 4 Attempt(s) - 0.00%
Penalty Kill
Rangers - 4 on 4 Attempt(s) - 100.00%
- Score 0 goal in Penalty Kill
Flames - 3 on 5 Attempt(s) - 60.00%
- Score 0 goal in Penalty Kill
Team Stat
Rangers - Hits : 16 - Faceoff Wins : 26 - Blocked Shots : 8 - Penalty Minutes : 8
Flames - Hits : 21 - Faceoff Wins : 39 - Blocked Shots : 8 - Penalty Minutes : 10
Official
Referees : Unknown
Linesman : Unknown
Game Notes
No Game Note
Finance
Level 1 -- Attendance: 5314 (88.57%) -- Ticket Income $483,574
Level 2 -- Attendance: 4560 (91.20%) -- Ticket Income $259,920
Level 3 -- Attendance: 1911 (95.55%) -- Ticket Income $72,618
Level 4 -- Attendance: 3338 (83.45%) -- Ticket Income $93,464
Luxury Box -- Attendance: 883 (88.30%) -- Ticket Income $144,812
Game was played at the Metal Center.
Total Attendance: 16006 (88.92%)
Total Ticket Income: $1,054,388
Other Income: $158,158
Total Income: $1,212,546
Rangers
5 vs 5 Forward
Center Left Wing Right Wing Time % Phy DF OF
1 Patrice Bergeron Milan Lucic Jakob Silfverberg 40 1 2 2
2 Sean Couturier Magnus Paajarvi-Svensson James Neal 30 1 2 2
3 Stephen Weiss Alex Tanguay Matt Read 20 1 2 2
4 Artem Anisimov Chris Bourque Gustav Nyquist 10 1 2 2
5 vs 5 Defense
Defense Defense Time % Phy DF OF
1 Cam Barker Ryan Suter 40 1 2 2
2 Mark Fistric Matt Greene 30 1 2 2
3 Alexei Emelin Colten Teubert 20 1 2 2
4 Cam Barker Mark Fistric 10 1 2 2
PowerPlay Forward
Center Left Wing Right Wing Time % Phy DF OF
1 Patrice Bergeron Milan Lucic Jakob Silfverberg 60 1 2 2
2 Sean Couturier Magnus Paajarvi-Svensson James Neal 40 1 2 2
PowerPlay Defense
Defense Defense Time % Phy DF OF
1 Cam Barker Stephen Weiss 60 1 2 2
2 Mark Fistric Ryan Suter 40 1 2 2
Penalty Kill 4 Players Forward
Center Wing Time % Phy DF OF
1 Patrice Bergeron Matt Read 60 1 2 2
2 Sean Couturier Milan Lucic 40 1 2 2
Penalty Kill 4 Players Defense
Defense Defense Time % Phy DF OF
1 Cam Barker Mark Fistric 60 1 2 2
2 Colten Teubert Matt Greene 40 1 2 2
Penalty Kill - 3 Players Forward
Forward Time % Phy DF OF
1 Jakob Silfverberg 60 1 2 2
2 Patrice Bergeron 40 1 2 2
Penalty Kill - 3 Players Defense
Defense Defense Time % Phy DF OF
1 Colten Teubert Mark Fistric 60 1 2 2
2 Cam Barker Matt Greene 40 1 2 2
4 vs 4 Forward
Center Wing Time % Phy DF OF
1 Patrice Bergeron Milan Lucic 60 1 2 2
2 Jakob Silfverberg Sean Couturier 40 1 2 2
4 vs 4 Defense
Defense Defense Time % Phy DF OF
1 Ryan Suter Colten Teubert 60 1 2 2
2 Alexei Emelin Matt Greene 40 1 2 2
Last Minutes Offensive
Center Left Wing Right Wing Defense Defense
Milan Lucic Patrice Bergeron Jakob Silfverberg Cam Barker Mark Fistric
Last Minutes Defensive
Center Left Wing Right Wing Defense Defense
Milan Lucic Patrice Bergeron Jakob Silfverberg Cam Barker Mark Fistric
Goaltenders
Starting : Frederik Andersen
Backup : Braden Holtby
Extra Forwards
Normal : Milan Lucic, Jakob Silfverberg, Patrice Bergeron - PP : Stephen Weiss, James Neal - PK : Patrice Bergeron
Extra Defensemen
Normal : Mark Fistric, Cam Barker, Matt Greene - PP : Mark Fistric - PK : Mark Fistric, Cam Barker
Penalty Shots
Milan Lucic, Jakob Silfverberg, Patrice Bergeron, Stephen Weiss, James Neal
Scratches
None
Flames
5 vs 5 Forward
Center Left Wing Right Wing Time % Phy DF OF
1 Eric Staal Alexander Semin David Backes 40 1 2 2
2 Patrik Berglund Brad Marchand Peter Prucha 33 1 2 2
3 Colin Wilson David Ullstrom Jordin Tootoo 19 1 2 2
4 Mikhail Grabovski Steve Regier Jonathan Ferland 8 1 2 2
5 vs 5 Defense
Defense Defense Time % Phy DF OF
1 Erik Johnson Sami Vatanen 38 1 2 2
2 Derek Meech Steve Eminger 29 1 2 2
3 Brendan Mikkelson Tom Poti 23 1 2 2
4 Derek Meech Steve Eminger 10 1 2 2
PowerPlay Forward
Center Left Wing Right Wing Time % Phy DF OF
1 Eric Staal Alexander Semin David Backes 60 1 1 3
2 Patrik Berglund Brad Marchand Jordin Tootoo 40 1 1 3
PowerPlay Defense
Defense Defense Time % Phy DF OF
1 Erik Johnson Tom Poti 60 1 1 3
2 Derek Meech Sami Vatanen 40 1 1 3
Penalty Kill 4 Players Forward
Center Wing Time % Phy DF OF
1 Patrik Berglund Brad Marchand 50 1 3 1
2 Mikhail Grabovski Alexander Semin 50 1 3 1
Penalty Kill 4 Players Defense
Defense Defense Time % Phy DF OF
1 Derek Meech Steve Eminger 58 1 3 1
2 Brendan Mikkelson Tom Poti 42 1 3 1
Penalty Kill - 3 Players Forward
Forward Time % Phy DF OF
1 Eric Staal 50 1 3 1
2 David Backes 50 1 3 1
Penalty Kill - 3 Players Defense
Defense Defense Time % Phy DF OF
1 Derek Meech Steve Eminger 58 1 3 1
2 Brendan Mikkelson Tom Poti 42 1 3 1
4 vs 4 Forward
Center Wing Time % Phy DF OF
1 Eric Staal David Backes 60 1 2 2
2 Patrik Berglund Alexander Semin 40 1 2 2
4 vs 4 Defense
Defense Defense Time % Phy DF OF
1 Erik Johnson Sami Vatanen 60 1 2 2
2 Derek Meech Steve Eminger 40 1 2 2
Last Minutes Offensive
Center Left Wing Right Wing Defense Defense
Eric Staal Alexander Semin David Backes Erik Johnson Sami Vatanen
Last Minutes Defensive
Center Left Wing Right Wing Defense Defense
Eric Staal Alexander Semin David Backes Derek Meech Steve Eminger
Goaltenders
Starting : Pekka Rinne
Backup : Jonas Gustavsson
Extra Forwards
Normal : Brad Marchand, Jordin Tootoo, Patrik Berglund - PP : Jordin Tootoo, Brad Marchand - PK : Jonathan Ferland
Extra Defensemen
Normal : Derek Meech, Steve Eminger, Brendan Mikkelson - PP : Derek Meech - PK : Erik Johnson, Brendan Mikkelson
Penalty Shots
Eric Staal, Alexander Semin, David Backes, Brad Marchand, Jordin Tootoo
Scratches
Vladimir Zharkov (Healthy)
% Time on Ice - Rangers
Lines # - Real PCT - Wanted PCT - Time Play
Normal Forward
1 - 32% - 40% - 14:46
2 - 28% - 30% - 12:32
3 - 20% - 20% - 9:17
4 - 20% - 10% - 8:57
Normal Defense
1 - 38% - 40% - 17:29
2 - 27% - 30% - 12:21
3 - 29% - 20% - 13:06
4 - 6% - 10% - 2:36
PP Forward
1 - 70% - 60% - 4:36
2 - 30% - 40% - 1:56
PP Defense
1 - 63% - 60% - 4:05
2 - 38% - 40% - 2:27
PK Forward
1 - 78% - 60% - 4:52
2 - 22% - 40% - 1:23
PK Defense
1 - 57% - 60% - 3:34
2 - 43% - 40% - 2:41
PK3 Forward
1 - 0% - 60%
2 - 0% - 40%
PK3 Defense
1 - 0% - 60%
2 - 0% - 40%
44 Forward
1 - 83% - 60% - 1:24
2 - 17% - 40% - 0:17
44 Defense
1 - 67% - 60% - 1:08
2 - 33% - 40% - 0:33
Last Minute Offensive - 0:00
Last Minute Defensive - 0:00
Total
Forward - 60:00
Defense - 60:00
|
% Time on Ice - Flames
Lines # - Real PCT - Wanted PCT - Time Play
Normal Forward
1 - 34% - 40% - 15:24
2 - 27% - 33% - 12:22
3 - 23% - 19% - 10:41
4 - 16% - 8% - 7:05
Normal Defense
1 - 39% - 38% - 17:50
2 - 29% - 29% - 13:24
3 - 25% - 23% - 11:23
4 - 6% - 10% - 2:55
PP Forward
1 - 57% - 60% - 3:33
2 - 43% - 40% - 2:42
PP Defense
1 - 57% - 60% - 3:35
2 - 43% - 40% - 2:40
PK Forward
1 - 48% - 50% - 3:08
2 - 52% - 50% - 3:24
PK Defense
1 - 65% - 58% - 4:13
2 - 35% - 42% - 2:19
PK3 Forward
1 - 0% - 50%
2 - 0% - 50%
PK3 Defense
1 - 0% - 58%
2 - 0% - 42%
44 Forward
1 - 100% - 60% - 1:41
2 - 0% - 40% - 0:00
44 Defense
1 - 64% - 60% - 1:05
2 - 36% - 40% - 0:36
Last Minute Offensive - 0:00
Last Minute Defensive - 0:00
Total
Forward - 60:00
Defense - 60:00
|
Play by Play
1st period
0:01 of 1st period - Eric Staal wins face-off versus Patrice Bergeron in neutral zone.
0:10 of 1st period - Snap shot by Eric Staal.
0:10 of 1st period - Shot Blocked by Patrice Bergeron.
0:49 of 1st period - Wrist shot by David Backes.
0:49 of 1st period - Shot Misses the Net.
0:51 of 1st period - Wrist shot by Alexander Semin.
0:51 of 1st period - Stopped by Frederik Andersen without a rebound.
0:52 of 1st period - Patrik Berglund wins face-off versus Sean Couturier in Rangers zone.
1:03 of 1st period - Backhand shot by Peter Prucha.
1:03 of 1st period - Stopped by Frederik Andersen with a rebound.
2:02 of 1st period - Off-side.
2:03 of 1st period - Colin Wilson wins face-off versus Sean Couturier in neutral zone.
2:30 of 1st period - Patrice Bergeron is hit by Patrik Berglund and loses puck.
3:45 of 1st period - Jordin Tootoo is hit by Magnus Paajarvi-Svensson and loses puck.
4:24 of 1st period - Backhand shot by Chris Bourque.
4:24 of 1st period - Shot Misses the Net.
4:26 of 1st period - Slapshot by Mark Fistric.
4:26 of 1st period - Stopped by Pekka Rinne with a rebound.
4:50 of 1st period - Peter Prucha is hit by Matt Greene and loses puck.
5:00 of 1st period - Off-side.
5:01 of 1st period - Sean Couturier wins face-off versus Eric Staal in neutral zone.
5:04 of 1st period - Snap shot by James Neal.
5:04 of 1st period - Deflect By Sean Couturier.
5:04 of 1st period - Shot Hit the Post.
5:04 of 1st period - Puck is out of play.
5:05 of 1st period - Eric Staal wins face-off versus Sean Couturier in Flames zone.
5:22 of 1st period - Backhand shot by David Backes.
5:22 of 1st period - Stopped by Frederik Andersen without a rebound.
5:23 of 1st period - Patrice Bergeron wins face-off versus Patrik Berglund in Rangers zone.
5:36 of 1st period - Snap shot by Brad Marchand.
5:36 of 1st period - Shot Misses the Net.
6:13 of 1st period - Snap shot by Stephen Weiss.
6:13 of 1st period - Stopped by Pekka Rinne without a rebound.
6:14 of 1st period - Stephen Weiss wins face-off versus Brad Marchand in Flames zone.
6:44 of 1st period - Patrice Bergeron is hit by Steve Eminger and loses puck.
6:55 of 1st period - Minor Penalty to Milan Lucic for Cross-checking.
6:56 of 1st period - Patrice Bergeron wins face-off versus Eric Staal in Rangers zone.
6:56 of 1st period - Patrice Bergeron is hit by Erik Johnson.
7:09 of 1st period - Matt Read is hit by Erik Johnson and loses puck.
7:36 of 1st period - Snap shot by Patrik Berglund.
7:36 of 1st period - Stopped by Frederik Andersen with a rebound.
7:38 of 1st period - Slapshot by Erik Johnson.
7:38 of 1st period - Shot Misses the Net.
8:55 of 1st period - Penalty to Milan Lucic is over, Milan Lucic is back on ice.
9:00 of 1st period - Wrist shot by Chris Bourque.
9:00 of 1st period - Stopped by Pekka Rinne without a rebound.
9:01 of 1st period - Artem Anisimov wins face-off versus Mikhail Grabovski in Flames zone.
9:10 of 1st period - Tom Poti is hit by Alexei Emelin and loses puck.
9:17 of 1st period - Alexei Emelin is hit by Mikhail Grabovski and loses puck.
9:52 of 1st period - Wrist shot by Patrik Berglund.
9:52 of 1st period - Shot Misses the Net.
10:46 of 1st period - Wrist shot by Chris Bourque.
10:46 of 1st period - Deflect By Artem Anisimov.
10:46 of 1st period - Stopped by Pekka Rinne with a rebound.
10:58 of 1st period - Mark Fistric is hit by Jordin Tootoo and loses puck.
11:19 of 1st period - Jonathan Ferland is hit by Matt Greene and loses puck.
12:18 of 1st period - Slapshot by Jordin Tootoo.
12:18 of 1st period - Deflect By Colin Wilson.
12:18 of 1st period - Stopped by Frederik Andersen with a rebound.
12:20 of 1st period - Slapshot by Brendan Mikkelson.
12:20 of 1st period - Stopped by Frederik Andersen without a rebound.
12:21 of 1st period - Colin Wilson wins face-off versus Sean Couturier in Rangers zone.
12:29 of 1st period - Icing by Mark Fistric.
12:30 of 1st period - James Neal wins face-off versus David Backes in Rangers zone.
12:55 of 1st period - Matt Greene is hit by Patrik Berglund and loses puck.
13:20 of 1st period - Slapshot by Steve Regier.
13:20 of 1st period - Shot Misses the Net.
13:42 of 1st period - Backhand shot by David Backes.
13:42 of 1st period - Stopped by Frederik Andersen with a rebound.
13:44 of 1st period - Wrist shot by Eric Staal.
13:44 of 1st period - Shot Misses the Net.
13:46 of 1st period - Wrist shot by Eric Staal.
13:46 of 1st period - Goal by Eric Staal - Rangers : 0 - Flames : 1.
13:47 of 1st period - Patrice Bergeron wins face-off versus Patrik Berglund in neutral zone.
13:54 of 1st period - Slapshot by Milan Lucic.
13:54 of 1st period - Shot Misses the Net.
14:21 of 1st period - Wrist shot by Alex Tanguay.
14:21 of 1st period - Goal by Alex Tanguay - Rangers : 1 - Flames : 1.
14:22 of 1st period - Eric Staal wins face-off versus Patrice Bergeron in neutral zone.
14:49 of 1st period - Brad Marchand is hit by Ryan Suter and loses puck.
15:03 of 1st period - Icing by Erik Johnson.
15:04 of 1st period - Stephen Weiss wins face-off versus Patrik Berglund in Flames zone.
15:05 of 1st period - Slapshot by Alex Tanguay.
15:05 of 1st period - Deflect By Matt Read.
15:05 of 1st period - Stopped by Pekka Rinne without a rebound.
15:06 of 1st period - Eric Staal wins face-off versus Stephen Weiss in Flames zone.
15:11 of 1st period - Matt Greene is hit by David Backes and loses puck.
15:38 of 1st period - Milan Lucic is hit by Patrik Berglund and loses puck.
15:53 of 1st period - Snap shot by James Neal.
15:53 of 1st period - Shot Blocked by Erik Johnson.
15:59 of 1st period - Snap shot by David Ullstrom.
15:59 of 1st period - Stopped by Frederik Andersen with a rebound.
16:01 of 1st period - Slapshot by Erik Johnson.
16:01 of 1st period - Shot Blocked by Mark Fistric.
16:17 of 1st period - Snap shot by Gustav Nyquist.
16:17 of 1st period - Deflect By Chris Bourque.
16:17 of 1st period - Stopped by Pekka Rinne without a rebound.
16:18 of 1st period - Eric Staal wins face-off versus Artem Anisimov in Flames zone.
16:22 of 1st period - Icing by Alexander Semin.
16:23 of 1st period - Eric Staal wins face-off versus Patrice Bergeron in Flames zone.
16:32 of 1st period - Wrist shot by David Backes.
16:32 of 1st period - Shot Blocked by Milan Lucic.
16:34 of 1st period - Snap shot by Brendan Mikkelson.
16:34 of 1st period - Stopped by Frederik Andersen without a rebound.
16:35 of 1st period - Patrik Berglund wins face-off versus Milan Lucic in Rangers zone.
16:36 of 1st period - Wrist shot by Peter Prucha.
16:36 of 1st period - Stopped by Frederik Andersen without a rebound.
16:37 of 1st period - Patrice Bergeron wins face-off versus Patrik Berglund in Rangers zone.
16:37 of 1st period - Patrice Bergeron is hit by Patrik Berglund.
16:49 of 1st period - Snap shot by Jakob Silfverberg.
16:49 of 1st period - Shot Misses the Net.
17:05 of 1st period - Snap shot by Jakob Silfverberg.
17:05 of 1st period - Stopped by Pekka Rinne with a rebound.
18:30 of 1st period - Milan Lucic is hit by Jonathan Ferland and loses puck.
18:47 of 1st period - Slapshot by Jakob Silfverberg.
18:47 of 1st period - Shot Misses the Net.
18:49 of 1st period - Slapshot by Jakob Silfverberg.
18:49 of 1st period - Stopped by Pekka Rinne with a rebound.
18:51 of 1st period - Wrist shot by Patrice Bergeron.
18:51 of 1st period - Stopped by Pekka Rinne without a rebound.
18:52 of 1st period - Sean Couturier wins face-off versus Eric Staal in Flames zone.
19:13 of 1st period - Minor Penalty to Alexander Semin for Hooking.
19:14 of 1st period - Patrik Berglund wins face-off versus Patrice Bergeron in Flames zone.
19:23 of 1st period - Snap shot by Cam Barker.
19:23 of 1st period - Stopped by Pekka Rinne with a rebound.
19:31 of 1st period - Snap shot by Milan Lucic.
19:31 of 1st period - Stopped by Pekka Rinne with a rebound.
19:47 of 1st period - Slapshot by Stephen Weiss.
19:47 of 1st period - Stopped by Pekka Rinne with a rebound.
19:49 of 1st period - Snap shot by James Neal.
19:49 of 1st period - Stopped by Pekka Rinne without a rebound.
19:50 of 1st period - Patrice Bergeron wins face-off versus Patrik Berglund in Flames zone.
Goals for this period are 1 for Rangers vs 1 for Flames.
Shots for this period are 14 for Rangers vs 11 for Flames.
2nd period
0:01 of 2nd period - Patrice Bergeron wins face-off versus Mikhail Grabovski in neutral zone.
0:16 of 2nd period - Snap shot by Milan Lucic.
0:16 of 2nd period - Deflect By Jakob Silfverberg.
0:16 of 2nd period - Shot Misses the Net.
0:16 of 2nd period - Puck is out of play.
0:17 of 2nd period - Patrice Bergeron wins face-off versus Patrik Berglund in Flames zone.
1:13 of 2nd period - Penalty to Alexander Semin is over, Alexander Semin is back on ice.
1:23 of 2nd period - Backhand shot by Tom Poti.
1:23 of 2nd period - Deflect By David Ullstrom.
1:23 of 2nd period - Shot Blocked by Ryan Suter.
1:23 of 2nd period - Puck is out of play.
1:24 of 2nd period - Artem Anisimov wins face-off versus Colin Wilson in Rangers zone.
1:24 of 2nd period - Artem Anisimov is hit by Jordin Tootoo.
1:31 of 2nd period - Off-side.
1:32 of 2nd period - Eric Staal wins face-off versus Patrice Bergeron in neutral zone.
1:34 of 2nd period - Off-side.
1:35 of 2nd period - Patrice Bergeron wins face-off versus Eric Staal in neutral zone.
1:38 of 2nd period - David Backes is hit by Milan Lucic and loses puck.
1:45 of 2nd period - Snap shot by Jakob Silfverberg.
1:45 of 2nd period - Shot Misses the Net.
1:51 of 2nd period - Snap shot by Milan Lucic.
1:51 of 2nd period - Deflect By Jakob Silfverberg.
1:51 of 2nd period - Shot Blocked by Sami Vatanen.
1:51 of 2nd period - Puck is out of play.
1:52 of 2nd period - Sean Couturier wins face-off versus Patrik Berglund in Flames zone.
1:55 of 2nd period - Snap shot by Sean Couturier.
1:55 of 2nd period - Shot Misses the Net.
2:03 of 2nd period - Wrist shot by Magnus Paajarvi-Svensson.
2:03 of 2nd period - Shot Misses the Net.
2:17 of 2nd period - Cam Barker is hit by Eric Staal.
2:49 of 2nd period - Snap shot by Alex Tanguay.
2:49 of 2nd period - Shot Blocked by Derek Meech.
3:21 of 2nd period - Wrist shot by Sean Couturier.
3:21 of 2nd period - Shot Misses the Net.
3:23 of 2nd period - Snap shot by Magnus Paajarvi-Svensson.
3:23 of 2nd period - Stopped by Pekka Rinne without a rebound.
3:24 of 2nd period - Eric Staal wins face-off versus Patrice Bergeron in Flames zone.
4:16 of 2nd period - Snap shot by Chris Bourque.
4:16 of 2nd period - Stopped by Pekka Rinne with a rebound.
4:18 of 2nd period - Wrist shot by Artem Anisimov.
4:18 of 2nd period - Shot Misses the Net.
4:20 of 2nd period - Slapshot by Alexei Emelin.
4:20 of 2nd period - Stopped by Pekka Rinne with a rebound.
4:22 of 2nd period - Slapshot by Colten Teubert.
4:22 of 2nd period - Shot Blocked by Erik Johnson.
4:24 of 2nd period - Wrist shot by Artem Anisimov.
4:24 of 2nd period - Shot Blocked by Sami Vatanen.
4:34 of 2nd period - David Ullstrom is hit by Stephen Weiss and loses puck.
5:41 of 2nd period - Icing by Matt Greene.
5:42 of 2nd period - Sean Couturier wins face-off versus Eric Staal in Rangers zone.
5:50 of 2nd period - Off-side.
5:51 of 2nd period - Eric Staal wins face-off versus Patrice Bergeron in neutral zone.
7:11 of 2nd period - Wrist shot by Alex Tanguay.
7:11 of 2nd period - Stopped by Pekka Rinne without a rebound.
7:12 of 2nd period - Patrik Berglund wins face-off versus Patrice Bergeron in Flames zone.
7:27 of 2nd period - Snap shot by Patrik Berglund.
7:27 of 2nd period - Shot Misses the Net.
7:42 of 2nd period - Slapshot by Erik Johnson.
7:42 of 2nd period - Shot Blocked by Magnus Paajarvi-Svensson.
7:44 of 2nd period - Wrist shot by Jordin Tootoo.
7:44 of 2nd period - Shot Misses the Net.
7:46 of 2nd period - Slapshot by Sami Vatanen.
7:46 of 2nd period - Shot Misses the Net.
8:06 of 2nd period - Slapshot by Stephen Weiss.
8:06 of 2nd period - Stopped by Pekka Rinne without a rebound.
8:07 of 2nd period - Patrik Berglund wins face-off versus Patrice Bergeron in Flames zone.
8:07 of 2nd period - Patrik Berglund is hit by Patrice Bergeron.
8:47 of 2nd period - Wrist shot by James Neal.
8:47 of 2nd period - Shot Misses the Net.
9:09 of 2nd period - Backhand shot by Gustav Nyquist.
9:09 of 2nd period - Stopped by Pekka Rinne without a rebound.
9:10 of 2nd period - Eric Staal wins face-off versus Patrice Bergeron in Flames zone.
9:10 of 2nd period - Eric Staal is hit by Matt Greene.
10:00 of 2nd period - Colten Teubert is hit by Steve Regier.
10:08 of 2nd period - Alexei Emelin is hit by Brendan Mikkelson and loses puck.
10:30 of 2nd period - Snap shot by Magnus Paajarvi-Svensson.
10:30 of 2nd period - Deflect By James Neal.
10:30 of 2nd period - Shot Blocked by Brendan Mikkelson.
10:30 of 2nd period - Puck is out of play.
10:31 of 2nd period - Eric Staal wins face-off versus Patrice Bergeron in Flames zone.
10:44 of 2nd period - Off-side.
10:45 of 2nd period - Patrik Berglund wins face-off versus Patrice Bergeron in neutral zone.
10:48 of 2nd period - Snap shot by Brad Marchand.
10:48 of 2nd period - Deflect By Patrik Berglund.
10:48 of 2nd period - Stopped by Frederik Andersen without a rebound.
10:49 of 2nd period - Patrik Berglund wins face-off versus Patrice Bergeron in Rangers zone.
10:50 of 2nd period - Backhand shot by Peter Prucha.
10:50 of 2nd period - Stopped by Frederik Andersen with a rebound.
11:16 of 2nd period - Stephen Weiss is hit by Derek Meech and loses puck.
11:33 of 2nd period - Minor Penalty to Stephen Weiss for Interference.
11:34 of 2nd period - Eric Staal wins face-off versus Patrice Bergeron in Rangers zone.
11:51 of 2nd period - Minor Penalty to David Backes for Boarding.
11:52 of 2nd period - Eric Staal wins face-off versus Milan Lucic in Flames zone.
12:01 of 2nd period - Slapshot by Erik Johnson.
12:01 of 2nd period - Shot Misses the Net.
12:06 of 2nd period - Wrist shot by Eric Staal.
12:06 of 2nd period - Stopped by Frederik Andersen without a rebound.
12:07 of 2nd period - Eric Staal wins face-off versus Patrice Bergeron in Rangers zone.
12:10 of 2nd period - Slapshot by Eric Staal.
12:10 of 2nd period - Stopped by Frederik Andersen with a rebound.
13:31 of 2nd period - Steve Eminger is hit by Alex Tanguay and loses puck.
13:33 of 2nd period - Penalty to Stephen Weiss is over, Stephen Weiss is back on ice.
13:51 of 2nd period - Penalty to David Backes is over, David Backes is back on ice.
13:52 of 2nd period - Snap shot by James Neal.
13:52 of 2nd period - Shot Misses the Net.
14:06 of 2nd period - Snap shot by Chris Bourque.
14:06 of 2nd period - Stopped by Pekka Rinne without a rebound.
14:07 of 2nd period - Artem Anisimov wins face-off versus Colin Wilson in Flames zone.
14:08 of 2nd period - Slapshot by Chris Bourque.
14:08 of 2nd period - Stopped by Pekka Rinne with a rebound.
14:10 of 2nd period - Slapshot by Mark Fistric.
14:10 of 2nd period - Shot Blocked by Sami Vatanen.
14:12 of 2nd period - Slapshot by Cam Barker.
14:12 of 2nd period - Goal by Cam Barker - Rangers : 2 - Flames : 1.
14:13 of 2nd period - Eric Staal wins face-off versus Patrice Bergeron in neutral zone.
14:21 of 2nd period - Off-side.
14:22 of 2nd period - Patrice Bergeron wins face-off versus Eric Staal in neutral zone.
14:32 of 2nd period - Erik Johnson is hit by Jakob Silfverberg and loses puck.
14:44 of 2nd period - Minor Penalty to Eric Staal for Tripping.
14:45 of 2nd period - Patrik Berglund wins face-off versus Patrice Bergeron in Flames zone.
16:24 of 2nd period - Wrist shot by Jakob Silfverberg.
16:24 of 2nd period - Goal by Jakob Silfverberg - Rangers : 3 - Flames : 1.
16:25 of 2nd period - Eric Staal wins face-off versus Sean Couturier in neutral zone.
17:42 of 2nd period - Icing by Colten Teubert.
17:43 of 2nd period - Artem Anisimov wins face-off versus Eric Staal in Rangers zone.
17:50 of 2nd period - Wrist shot by Chris Bourque.
17:50 of 2nd period - Shot Hit the Post.
17:52 of 2nd period - Slapshot by Alexei Emelin.
17:52 of 2nd period - Shot Misses the Net.
18:15 of 2nd period - Icing by Artem Anisimov.
18:16 of 2nd period - Gustav Nyquist wins face-off versus Colin Wilson in Rangers zone.
18:23 of 2nd period - Wrist shot by Colten Teubert.
18:23 of 2nd period - Deflect By Artem Anisimov.
18:23 of 2nd period - Stopped by Pekka Rinne with a rebound.
18:25 of 2nd period - Slapshot by Artem Anisimov.
18:25 of 2nd period - Deflect By Chris Bourque.
18:25 of 2nd period - Stopped by Pekka Rinne with a rebound.
18:27 of 2nd period - Snap shot by Artem Anisimov.
18:27 of 2nd period - Stopped by Pekka Rinne without a rebound.
18:28 of 2nd period - Patrik Berglund wins face-off versus Patrice Bergeron in Flames zone.
18:40 of 2nd period - Icing by Sami Vatanen.
18:41 of 2nd period - Jakob Silfverberg wins face-off versus Patrik Berglund in Flames zone.
18:42 of 2nd period - Slapshot by Milan Lucic.
18:42 of 2nd period - Stopped by Pekka Rinne with a rebound.
18:58 of 2nd period - Wrist shot by Brad Marchand.
18:58 of 2nd period - Stopped by Frederik Andersen without a rebound.
18:59 of 2nd period - Eric Staal wins face-off versus Sean Couturier in Rangers zone.
19:08 of 2nd period - Slapshot by Alexander Semin.
19:08 of 2nd period - Stopped by Frederik Andersen with a rebound.
19:24 of 2nd period - Ryan Suter is hit by Peter Prucha and loses puck.
Goals for this period are 2 for Rangers vs 0 for Flames.
Shots for this period are 14 for Rangers vs 6 for Flames.
3rd period
0:01 of 3rd period - Eric Staal wins face-off versus Milan Lucic in neutral zone.
0:57 of 3rd period - Off-side.
0:58 of 3rd period - Eric Staal wins face-off versus Patrice Bergeron in neutral zone.
1:15 of 3rd period - Snap shot by David Backes.
1:15 of 3rd period - Stopped by Frederik Andersen with a rebound.
1:36 of 3rd period - Patrice Bergeron is hit by Jordin Tootoo and loses puck.
1:58 of 3rd period - Snap shot by Peter Prucha.
1:58 of 3rd period - Stopped by Frederik Andersen with a rebound.
2:24 of 3rd period - Cam Barker is hit by David Backes and loses puck.
2:41 of 3rd period - Slapshot by Cam Barker.
2:41 of 3rd period - Shot Misses the Net.
3:28 of 3rd period - Off-side.
3:29 of 3rd period - Patrice Bergeron wins face-off versus David Backes in neutral zone.
3:36 of 3rd period - Snap shot by Eric Staal.
3:36 of 3rd period - Shot Blocked by Jakob Silfverberg.
4:23 of 3rd period - Cam Barker is hit by David Ullstrom and loses puck.
4:49 of 3rd period - Slapshot by Chris Bourque.
4:49 of 3rd period - Shot Misses the Net.
6:11 of 3rd period - Backhand shot by Jakob Silfverberg.
6:11 of 3rd period - Shot Misses the Net.
6:37 of 3rd period - Slapshot by Sean Couturier.
6:37 of 3rd period - Stopped by Pekka Rinne with a rebound.
6:47 of 3rd period - Brad Marchand is hit by Cam Barker and loses puck.
7:03 of 3rd period - Icing by Patrik Berglund.
7:04 of 3rd period - Colin Wilson wins face-off versus Artem Anisimov in Flames zone.
7:30 of 3rd period - Minor Penalty to Alexander Semin for Slashing.
7:31 of 3rd period - Jakob Silfverberg wins face-off versus Mikhail Grabovski in Flames zone.
7:40 of 3rd period - Slapshot by Milan Lucic.
7:40 of 3rd period - Shot Misses the Net.
8:02 of 3rd period - Slapshot by Stephen Weiss.
8:02 of 3rd period - Shot Blocked by Brendan Mikkelson.
8:06 of 3rd period - Snap shot by James Neal.
8:06 of 3rd period - Goal by James Neal - Rangers : 4 - Flames : 1.
8:07 of 3rd period - Eric Staal wins face-off versus Patrice Bergeron in neutral zone.
8:18 of 3rd period - Minor Penalty to Jakob Silfverberg for Hooking.
8:19 of 3rd period - Patrice Bergeron wins face-off versus Eric Staal in Rangers zone.
8:52 of 3rd period - Backhand shot by Patrik Berglund.
8:52 of 3rd period - Shot Blocked by Patrice Bergeron.
8:54 of 3rd period - Snap shot by Brad Marchand.
8:54 of 3rd period - Stopped by Frederik Andersen without a rebound.
8:55 of 3rd period - Patrice Bergeron wins face-off versus Patrik Berglund in Rangers zone.
10:18 of 3rd period - Penalty to Jakob Silfverberg is over, Jakob Silfverberg is back on ice.
10:24 of 3rd period - Sami Vatanen is hit by Alex Tanguay.
10:48 of 3rd period - Snap shot by Colin Wilson.
10:48 of 3rd period - Stopped by Frederik Andersen with a rebound.
11:19 of 3rd period - Jakob Silfverberg is hit by Sami Vatanen and loses puck.
12:06 of 3rd period - Patrik Berglund is hit by Magnus Paajarvi-Svensson and loses puck.
12:20 of 3rd period - Snap shot by Steve Eminger.
12:20 of 3rd period - Stopped by Frederik Andersen with a rebound.
12:25 of 3rd period - Slapshot by Derek Meech.
12:25 of 3rd period - Shot Blocked by Alexei Emelin.
12:46 of 3rd period - Icing by Alexander Semin.
12:47 of 3rd period - Eric Staal wins face-off versus Artem Anisimov in Flames zone.
12:49 of 3rd period - Icing by David Backes.
12:50 of 3rd period - David Backes wins face-off versus Patrice Bergeron in Flames zone.
13:38 of 3rd period - Off-side.
13:39 of 3rd period - Colin Wilson wins face-off versus Stephen Weiss in neutral zone.
14:50 of 3rd period - Snap shot by Stephen Weiss.
14:50 of 3rd period - Shot Misses the Net.
14:57 of 3rd period - Minor Penalty to Stephen Weiss for Hooking.
14:58 of 3rd period - Eric Staal wins face-off versus Patrice Bergeron in Rangers zone.
15:29 of 3rd period - Wrist shot by Brad Marchand.
15:29 of 3rd period - Stopped by Frederik Andersen without a rebound.
15:30 of 3rd period - Patrik Berglund wins face-off versus Sean Couturier in Rangers zone.
16:57 of 3rd period - Penalty to Stephen Weiss is over, Stephen Weiss is back on ice.
17:20 of 3rd period - Minor Penalty to Jonathan Ferland for Hooking.
17:21 of 3rd period - Patrik Berglund wins face-off versus Patrice Bergeron in Flames zone.
17:21 of 3rd period - Patrik Berglund is hit by Patrice Bergeron.
19:20 of 3rd period - Penalty to Jonathan Ferland is over, Jonathan Ferland is back on ice.
19:24 of 3rd period - Off-side.
19:25 of 3rd period - Colin Wilson wins face-off versus Artem Anisimov in neutral zone.
19:32 of 3rd period - Slapshot by David Ullstrom.
19:32 of 3rd period - Stopped by Frederik Andersen with a rebound.
19:50 of 3rd period - Eric Staal is hit by Stephen Weiss and loses puck.
Goals for this period are 1 for Rangers vs 0 for Flames.
Shots for this period are 2 for Rangers vs 7 for Flames.
Back to the Top